 Dungeon Crawl Stone Soup version 0.30-a0-743-gbfdf073431 (webtiles) character file.

Game seed: 15179558841081904564

37 xian the Grasshopper (level 3, -1/27 HPs)
             Began as a Demonspawn Warper on Feb 7, 2023.
             Slain by a worm (3 damage)
             ... on level 2 of the Dungeon.
             The game lasted 00:02:55 (690 turns).

xian the Grasshopper (Demonspawn Warper)             Turns: 690, Time: 00:02:55

Health: -1/27      AC:  3    Str: 13    XL:     3   Next: 21%
Magic:  6/6        EV: 11    Int: 14    God:
Gold:   71         SH:  0    Dex: 12    Spells: 4/6 levels left

rFire   . . .      SeeInvis .    a - +0 hand axe
rCold   . . .      Faith    .    (no shield)
rNeg    . . .      Spirit   .    b - +0 leather armour
rPois   .          Reflect  .    (no helmet)
rElec   .          Harm     .    (no cloak)
rCorr   .          Rampage  .    (no gloves)
Will    .....                    (no boots)
Stlth   +                        (no amulet)
HPRegen 0.24/turn                (no ring)
MPRegen 0.10/turn                (no ring)

@: no status effects
A: ignite blood 1, spiny 1
a: no special abilities


You were on level 2 of the Dungeon.
You visited 1 branch of the dungeon, and saw 2 of its levels.

You collected 71 gold pieces.

Inventory:

Hand Weapons
 a - a +0 hand axe (weapon)
Missiles
 d - 7 boomerangs of dispersal (quivered)
 k - 3 poisoned darts
Armour
 b - a +0 leather armour (worn)
Magical Staves
 g - a staff of conjuration
 i - a staff of cold
Scrolls
 c - a scroll of blinking
 e - a scroll of enchant armour {unknown}
 f - a scroll of immolation {unknown}
 h - a scroll of fear {unknown}
 j - a scroll of identify {unknown}
Potions
 l - a potion of magic {unknown}


   Skills:
 + Level 2.1 Fighting
 + Level 2.2 Axes
 + Level 0.8 Throwing
 + Level 1.3 Armour
 + Level 2.1 Dodging
 + Level 2.2 Spellcasting
 + Level 3.0 Translocations


You had 4 spell levels left.
You knew the following spells:

 Your Spells              Type           Power      Damage    Failure   Level
a - Blink                 Tloc           20%        N/A       13%         2

Your spell library contained the following spells:

 Spells                   Type           Power      Damage    Failure   Level
 Lesser Beckoning         Tloc           20%        N/A       13%         2
 Teleport Other           Tloc           10%        N/A       26%         3
 Vhi's Electric Charge    Tloc/Air       10%        N/A       43%         3
 Manifold Assault         Tloc           10%        N/A       63%         4
 Inner Flame              Hex/Fire       1%         N/A       65%         3
 Flame Wave               Conj/Fire      1%         2d4       96%         4
 Sticky Flame             Conj/Fire      1%         2d3       96%         4
 Blade Hands              Tmut           0%         N/A       100%        5
 Irradiate                Conj/Tmut      0%         3d11      100%        5
 Dragon Form              Tmut           0%         N/A       100%        7


Dungeon Overview and Level Annotations

Branches:
Dungeon (2/15)

Altars:


Innate Abilities, Weirdness & Mutations

Your demonic aura sometimes causes spilled blood to erupt in flames.
You are partially covered in sharp spines.


Message History

You open the door.
There is an open door here. 2 worms come into view.
Found a bubbling amethyst potion and 10 gold pieces.
You hit the worm.
The worm is moderately wounded.
You hit the worm.
The worm is moderately wounded.
The worm bites you.
You hit the worm but do no damage.
The worm is moderately wounded.
The worm barely misses you.
You hit the worm.
The worm is moderately wounded.
You hit the worm but do no damage. You hit the worm but do no damage.
The worm is moderately wounded.
You hit the worm but do no damage. The worm misses you.
The worm bites you but does no damage.
You barely miss the worm.
The worm is moderately wounded.
You hit the worm. The worm is struck by your spines. The worm bites you.
The worm misses you.
You completely miss the worm.
The worm is moderately wounded.
You hit the worm. The worm is struck by your spines.
The worm closely misses you.
You hit the worm but do no damage.
The worm is moderately wounded.
You hit the worm. The worm is struck by your spines. The worm bites you!
You hit the worm.
The worm is heavily wounded.
You hit the worm. The worm is struck by your spines.
The worm closely misses you. The worm bites you.
You hit the worm.
The worm is severely wounded.
You hit the worm. The worm bites you!
* * * LOW HITPOINT WARNING * * *
The worm bites you.
You die...

.... #...'.# #..
#...#.#
#...###.#<#
##.$.###.#.#
.......#.#######
..!....#.......#
........#####..#
.......w.......#
#######.@#..####
##w# .... ..#
##.# #..# # #..#
#.## #. ..


You could see 2 worms.

Vanquished Creatures
  A dart slug (D:1)
  4 bats (D:1)
  4 endoplasms (D:1)
  2 giant cockroaches (D:1)
  4 goblins (D:1)
  4 hobgoblins (D:1)
  2 quokkas (D:1)
  4 ball pythons (D:1)
  A frilled lizard (D:1)
  A kobold (D:1)
  3 rats (D:1)
30 creatures vanquished.

Notes
Turn   | Place    | Note
-------+----------+-------------------------------------------
     0 | D:1      | xian the Demonspawn Warper began the quest for the Orb.
     0 | D:1      | Reached XP level 1. HP: 16/16 MP: 3/3
   175 | D:1      | Gained mutation: You are partially covered in sharp spines.
                  | [demonic ancestry]
   175 | D:1      | Reached XP level 2. HP: 17/22 MP: 5/5
   180 | D:1      | Reached skill level 1 in Armour
   183 | D:1      | Reached skill level 3 in Translocations
   206 | D:1      | Learned a level 2 spell: Blink
   292 | D:1      | Found a faded altar of an unknown god.
   332 | D:1      | Gained mutation: Your demonic aura sometimes causes spilled
                  | blood to erupt in flames. [demonic ancestry]
   332 | D:1      | Reached XP level 3. HP: 18/27 MP: 6/6
   690 | D:2      | Slain by a worm

Illustrated notes

Levels and vault maps discovered:
D:1:      minmay_arrival_stone_box, layout_rooms,
          hellmonk_ecumenical_altar_arch_garden, minmay_misc_feat_columns
D:2:      minmay_evil_eye, layout_basic

Skill      XL: |  1  2 |
---------------+-------+-----
Dodging        | 2 |  2.1
Armour         | 1 |  1.3
Translocations | 3 |  3.0
Axes           | 2 |  2.2
Fighting       | |  2.1
Throwing       | |  0.8
Spellcasting   | |  2.2

Action                     || total
---------------------------++-------
  Melee: Hand axe          ||    73
         Punch             ||     2
 Armour: Leather armour    ||    12
  Dodge: Dodged            ||    54

Table legend: (Time is in decaauts)
 A = Elapsed time spent in this place.
 B = Non-inter-level travel time spent in this place.
 C = Inter-level travel time spent in this place.
 D = Time resting spent in this place.
 E = Time spent auto-exploring this place.
 F = Levels seen in this place.
 G = Mean time per level.
                   A        B        C        D        E       F      G
               +--------+--------+--------+--------+--------+-----+--------+
         Total |    704 |    704 |      0 |      0 |    290 |   2 |  352.0 |
       Dungeon |    704 |    704 |      0 |      0 |    290 |   2 |  352.0 |
               +--------+--------+--------+--------+--------+-----+--------+

Top non-repeatable levels by time:
     D:1: 678 daAuts
     D:2: 26 daAuts
